 Dungeon Crawl Stone Soup version 0.23.2-1-ga50397a6bc (webtiles) character file.

Game seed: 2907237277718835637

85 Mrkan the Sneak (level 4, -1/23 HPs)
             Began as a Spriggan Assassin on May 18, 2019.
             Slain by a worm (6 damage)
             ... on level 3 of the Dungeon.
             The game lasted 00:07:22 (2420 turns).

Mrkan the Sneak (Spriggan Assassin)                 Turns: 2420, Time: 00:07:22

Health: -1/23      AC:  3    Str:  7    XL:     4   Next: 25%
Magic:  5/5        EV: 18    Int: 12    God:
Gold:   152        SH:  0    Dex: 18    Spells: 3/3 levels left

rFire    . . .     SeeInvis +   a - +2 dagger
rCold    . . .     Gourm    .   (shield restricted)
rNeg     . . .     Faith    .   c - +0 robe
rPois    .         Spirit   .   (helmet restricted)
rElec    .         Reflect  .   d - +0 cloak
rCorr    .         Harm     .   (gloves unavailable)
MR       .....                  (boots unavailable)
Stlth    ++++......             (no amulet)
HPRegen  0.07/turn              (no ring)
MPRegen  0.09/turn              (no ring)

@: very quick
A: very small, unfitting armour, see invisible, herbivore, speed 3, slow
metabolism 2
a: no special abilities


You were on level 3 of the Dungeon.
You were not hungry.

You visited 1 branch of the dungeon, and saw 3 of its levels.

You collected 152 gold pieces.

Inventory:

Hand Weapons
 a - a +2 dagger (weapon)
 b - a +0 blowgun
Missiles
 e - 32 poisoned needles
 f - 2 curare-tipped needles
Armour
 c - a +0 robe (worn)
 d - a +0 cloak (worn)
Jewellery
 t - an uncursed ring of fire {unknown}
Scrolls
 h - 5 scrolls of identify {unknown}
 j - 2 scrolls of remove curse {unknown}
 k - a scroll of amnesia {unknown}
 l - a scroll of noise {unknown}
 m - a scroll of enchant weapon {unknown}
 n - a scroll of magic mapping {unknown}
 r - a scroll of teleportation {unknown}
 v - a scroll of immolation {unknown}
Potions
 i - 2 potions of heal wounds {unknown}
 o - a potion of might {unknown}
 p - a potion of invisibility {unknown}
 q - 2 potions of haste {unknown}
 s - 3 potions of flight {unknown}
 u - a potion of ambrosia {unknown}
Comestibles
 g - 2 rations


   Skills:
 - Level 1.6 Fighting
 * Level 3.5 Short Blades
 - Level 2.0 Throwing
 + Level 2.9 Dodging
 * Level 7.2 Stealth


You had 3 spell levels left.
You didn't know any spells.
Your spell library was empty.

Dungeon Overview and Level Annotations

Branches:
Dungeon (3/15)

Altars:
Ashenzari
Hepliaklqana
Nemelex Xobeh
Qazlal
Trog
The Shining One


Innate Abilities, Weirdness & Mutations

You are very small and have problems with some larger weapons.
You are too small for most types of armour.
You have supernaturally acute eyesight. (SInv)
You are a herbivore.
You cover ground extremely quickly.
You need to consume almost no food.


Message History

You hit the worm.
The worm is lightly wounded.
The worm barely misses you.
You hit the worm.
The worm is moderately wounded.
You hit the worm.
The worm is moderately wounded.
The worm misses you.
You hit the worm.
The worm is moderately wounded.
You hit the worm.
The worm is heavily wounded.
The worm bites you.
* * * LOW HITPOINT WARNING * * *
You hit the worm.
The worm is heavily wounded.
You hit the worm.
The worm is severely wounded.
The worm bites you.
You die...

#..........#...#...#...#
#.<..........#...#...#..
##.........#...#...#.).#
##..........#...#...#..
###.......#.)#...#...#
#............#...#..
#......#####.).#...#
#...w.## #.#...#..
###@#.# #.>...... #.#.#
#..###.. #.#.# #.. #..
#.#.# ####...# #.....##
#.##.## ##....#
##.....##


r You could see a worm.

Vanquished Creatures
  An adder (D:2)
  3 worms (D:2)
  5 leopard geckos
  2 orcs (D:3)
  3 giant cockroaches
  3 goblins (D:1)
  9 hobgoblins
  8 jackals (D:1)
  2 quokkas
  A ball python (D:1)
  6 bats
  3 frilled lizards
  5 kobolds
  5 rats
56 creatures vanquished.

Notes
Turn   | Place    | Note
-------+----------+-------------------------------------------
     0 | D:1      | Mrkan the Spriggan Assassin began the quest for the Orb.
     0 | D:1      | Reached XP level 1. HP: 10/10 MP: 2/2
    84 | D:1      | Reached skill level 6 in Stealth
   141 | D:1      | Reached XP level 2. HP: 12/15 MP: 3/3
   428 | D:1      | Reached XP level 3. HP: 12/18 MP: 4/4
   851 | D:1      | You fall through a shaft!
   910 | D:2      | Noticed a scorpion
  1294 | D:2      | Reached skill level 7 in Stealth
  1935 | D:2      | Reached XP level 4. HP: 13/23 MP: 5/5
  2153 | D:3      | Found a glowing golden altar of the Shining One.
  2159 | D:3      | Found a bloodstained altar of Trog.
  2159 | D:3      | Found a stormy altar of Qazlal.
  2159 | D:3      | Found a shattered altar of Ashenzari.
  2161 | D:3      | Found a hazy altar of Hepliaklqana.
  2163 | D:3      | Found a sparkling altar of Nemelex Xobeh.
  2420 | D:3      | Slain by a worm

Skill      XL: |  1  2  3 |
---------------+----------+-----
Stealth        | 6 7 |  7.2
Dodging        | 2 |  2.9
Short Blades   | 3 |  3.5
Fighting       | |  1.6
Throwing       | |  2.0

Action                   |  1- 3 |  4- 6 || total
-------------------------+-------+-------++-------
Melee: Dagger            |   205 |    68 ||   273
 Stab: Sleeping          |     7 |     4 ||    11
Armor: Robe              |    22 |     3 ||    25
Dodge: Dodged            |   148 |    34 ||   182
